 Dungeon Crawl Stone Soup version 0.30.1-11-g7821555f0a (webtiles) character file.

Game seed: 10386776085589821151

4839 YCDTOTVFAN the Chopper (level 10, -4/74 HPs)
             Began as a Green Draconian Hunter on Oct 30, 2023.
             Was a Plaything of Xom.
             Slain by Erica
             ... wielding a +0 scimitar of flaming
              (9 damage)
             ... on level 9 of the Dungeon.
             The game lasted 00:31:30 (7860 turns).

YCDTOTVFAN the Chopper (Green Draconian Hunter)     Turns: 7860, Time: 00:31:31

Health: -4/74      AC:  7    Str: 15    XL:     10   Next: 25%
Magic:  15/15      EV: 14    Int: 13    God:    Xom [..*...]
Gold:   44         SH:  5    Dex: 16    Spells: 16/16 levels left

rFire   . . .        d - +9 battleaxe of Ruination {freeze, Str+2}
rCold   . . .        (shield currently unavailable)
rNeg    . . .        (body armour unavailable)
rPois   +            (helmet restricted)
rElec   .            (no cloak)
rCorr   .            (no gloves)
SInv    .            (no boots)
Will    .....        j - amulet of reflection
Stlth   +++          (no ring)
HPRegen 0.32/turn    (no ring)
MPRegen 0.14/turn

%: reflection
@: about to teleport, slowed, very slow
A: breathe noxious fumes, AC +7, unfitting armour, poison resistance,
cold-blooded, talons 1, frail 1
a: Breathe Noxious Fumes, Renounce Religion


You were on level 9 of the Dungeon.
You worshipped Xom.
You were a toy of Xom.
You visited 2 branches of the dungeon, and saw 10 of its levels.

You collected 297 gold pieces.
You spent 253 gold pieces at shops.

Inventory:

Hand Weapons
 a - a +2 heavy shortbow
 d - the +9 battleaxe of Ruination (weapon) {freeze, Str+2}
   (You found it on level 3 of the Dungeon)

   Str:       It affects your strength (+2).
Missiles
 b - a curare-tipped dart
 n - 6 atropa-tipped darts
 x - 2 javelins (quivered)
Jewellery
 j - an amulet of reflection (around neck)
 o - a +6 ring of strength
 v - a +6 ring of dexterity
Wands
 i - a wand of flame (38)
Scrolls
 c - a scroll of immolation
 f - 4 scrolls of enchant armour
 h - 2 scrolls of fear
 l - 2 scrolls of fog
 p - 2 scrolls of magic mapping
 q - 2 scrolls of poison
 s - 2 scrolls of teleportation
 u - a scroll of noise
 w - a scroll of amnesia
 B - a scroll of silence {unknown}
Potions
 e - 3 potions of degeneration
 g - 3 potions of lignification
 k - 2 potions of cancellation
 r - a potion of heal wounds {unknown}
 t - a potion of brilliance {unknown}
 z - 3 potions of attraction {unknown}
 A - a potion of magic {unknown}


   Skills:
 * Level 5.9 Fighting
 - Level 3.1 Short Blades
 * Level 7.9 Axes
 * Level 6.9 Ranged Weapons
 * Level 2.3 Throwing
 * Level 4.2 Dodging
 * Level 4.6 Stealth
 + Level 1.1 Shields
 * Level 3.7 Spellcasting
 * Level 4.0 Evocations


You had 16 spell levels left.
You didn't know any spells.
Your spell library was empty.

Dungeon Overview and Level Annotations

Branches:
Dungeon (9/15)             Temple (1/1) D:6
   Lair: D:8-11         Orc: D:9-12

Altars:
Ashenzari
Cheibriados
Dithmenos
Elyvilon
Fedhas
Gozag
Hepliaklqana
Kikubaaqudgha
Makhleb
Nemelex Xobeh
Qazlal
Ru
Sif Muna
Uskayaw
Vehumet
Wu Jian
Xom
Yredelemnul
Zin
The Shining One

Shops:
D:5 !([::   D:6 =[   D:8 :**(   D:9 *?

Annotations:
D:9 Erica


Innate Abilities, Weirdness & Mutations

You can breathe blasts of noxious fumes.
Your lurid green scales are hard. (AC +7)
You cannot fit into any form of body armour.
Your system is resistant to poisons. (rPois)
You are cold-blooded and may be slowed by cold attacks.
You have sharp toenails.
You are frail. (-10% HP)


Message History

* * * LOW HITPOINT WARNING * * *
Erica appears from thin air!
Reactivating autopickup.
Erica points at you and mumbles some strange words.
You resist with significant effort.
Okay, then.
As you read the scroll of fear, it crumbles to dust.
You assume a fearsome visage.
Erica looks frightened!
Erica gestures wildly while chanting.
Erica flickers and vanishes!
Deactivating autopickup; reactivate with Ctrl-A.
Unknown command.
Blink to where?
Press: ? - help, Dir - move target
As you read the scroll of blinking, it crumbles to dust.
You feel better.
Xom's power almost touches on you for a moment.
You do an impromptu tapdance.
Something tries to affect you, but you resist.
You feel yourself slow down.
Xom's power almost touches on you for a moment.
The stone arch briefly shows a sunny meadow on the other side.
You are confused.
You feel less confused. Something hits you!
* * * LOW HITPOINT WARNING * * *
Something burns you.
* * * LOW HITPOINT WARNING * * *
Something barely misses you. Something barely misses you.
You miss something. Your kick misses something.
You hear some strange, mumbled words.
A lance of force appears from out of thin air!
The lance of force hits you!
* * * LOW HITPOINT WARNING * * *
You are knocked back by the lance of force.
As you read the scroll of teleportation, it crumbles to dust.
You feel strangely unstable. Something hits you but does no damage.
Something hits you!
You die...

############ #..........#
######### #####
#..........# #........
....# #..........#
#........ ....#
#.......@..# #....)...
....# #..........#
#....)... ....#
#..........######..)<....
....#
#........<.....##........
....#
#....∩.....###..'........
....#####...∩∩∩...>#
####........
....[)..#....∩.....#
#........
.)..###.#..........#
#........ ....#
#............# #........


There were no monsters in sight!

Vanquished Creatures
  The ghost of kaesle the Trooper, a novice HOFi (D:7)
  Pikel (D:4)
  Sigmund (D:2)
  A steam dragon (D:8)
  An acid dragon (D:9)
  2 water moccasins
  A sky beast (D:7)
  3 orc warriors
  3 ice beasts
  4 phantoms
  10 kobold brigands
  6 bullfrogs
  2 scorpions (D:4)
  5 killer bees
  A howler monkey (D:6)
  3 hounds
  5 jellies
  2 orc priests
  Jessica (D:2)
  An iguana (D:5)
  2 sleepcaps
  7 orc wizards
  Robin (D:2)
  A gnoll (D:1)
  6 adders
  2 white imps
  5 ufetubi
  2 worms (D:2)
  2 dart slugs
  38 orcs
  3 ball pythons
  7 bats
  4 endoplasms
  9 hobgoblins
  17 kobolds
  2 quokkas (D:1)
  4 frilled lizards
  20 goblins
  3 rats
189 creatures vanquished.

Vanquished Creatures (collateral kills)
  A kobold brigand (D:7)
1 creature vanquished.

Vanquished Creatures (others)
  A kobold brigand (D:7)
1 creature vanquished.

Grand Total: 191 creatures vanquished

Notes
Turn   | Place    | Note
-------+----------+-------------------------------------------
     0 | D:1      | YCDTOTVFAN the Draconian Hunter began the quest for the
                  | Orb.
     0 | D:1      | Reached XP level 1. HP: 17/17 MP: 1/1
    88 | D:1      | Reached skill level 1 in Stealth
   148 | D:1      | Reached XP level 2. HP: 24/24 MP: 2/2
   212 | D:2      | Reached XP level 3. HP: 28/29 MP: 3/3
   267 | D:2      | You fall into a shaft and drop 1 floor!
   810 | D:3      | Identified the +9 battleaxe of Ruination {freeze, Str+2}
  1055 | D:3      | Identified the +4 leather armour "Nudo" {rPois rC- rCorr
                  | Dex+9}
  1219 | D:2      | Found a broken altar of Ashenzari.
  1258 | D:2      | Noticed Sigmund
  1266 | D:2      | Gained mutation: You are robust. (+10% HP) [potion of
                  | mutation]
  1266 | D:2      | Gained mutation: You expend magic power (3 MP) to
                  | strengthen your wands. [potion of mutation]
  1270 | D:2      | Killed Sigmund
  1271 | D:2      | Reached skill level 1 in Short Blades
  1271 | D:2      | Reached skill level 5 in Ranged Weapons
  1271 | D:2      | Reached skill level 1 in Spellcasting
  1271 | D:2      | Reached XP level 4. HP: 10/40 MP: 3/5
  1271 | D:2      | Reached XP level 5. HP: 12/48 MP: 3/6
  1452 | D:4      | You fall into a shaft and drop 1 floor!
  1452 | D:5      | Entered Level 5 of the Dungeon
  1578 | D:5      | Found Nuavvogh's Book Boutique.
  1590 | D:5      | Found Tovoi's Book Shop.
  1594 | D:5      | Noticed an ice beast
  1604 | D:5      | Killed an ice beast
  1605 | D:5      | Reached skill level 1 in Axes
  1605 | D:5      | Reached XP level 6. HP: 35/56 MP: 7/7
  1614 | D:5      | Found Giehot's Distillery.
  1619 | D:5      | Bought a potion of lignification for 36 gold pieces
  1619 | D:5      | Bought a potion of curing for 36 gold pieces
  1773 | D:6      | Noticed an orc warrior
  1780 | D:6      | Killed an orc warrior
  1810 | D:6      | Found Icuzxe's Jewellery Emporium.
  1829 | D:6      | Found a staircase to the Ecumenical Temple.
  1854 | Temple   | Entered the Ecumenical Temple
  2089 | Temple   | Became a worshipper of Xom the Begetter of Turbulence
  2146 | D:6      | Reached skill level 1 in Evocations
  2184 | D:6      | XOM: silly message
  2195 | D:6      | Reached skill level 2 in Axes
  2195 | D:6      | Your scales start taking on a lurid green colour.
  2195 | D:6      | Reached XP level 7. HP: 57/62 MP: 9/9
  2195 | D:6      | Gained mutation: Your system is resistant to poisons.
                  | (rPois) [Green Draconian growth]
  2237 | D:6      | Found Anesil's Armour Emporium.
  2338 | D:6      | Found a glowing golden altar of the Shining One.
  2340 | D:6      | Noticed an angel
  2349 | D:6      | Found a basalt altar of Yredelemnul.
  2393 | D:6      | XOM: silly message
  2593 | D:6      | XOM: silly message
  2677 | D:6      | Reached skill level 3 in Axes
  2866 | D:6      | Reached XP level 8. HP: 72/72 MP: 11/11
  3042 | D:5      | Found Humij's Antique Armour Emporium.
  3329 | D:5      | Found Acwoeboa's Weapon Shoppe.
  3414 | D:5      | XOM: divination: detect creatures
  3416 | D:5      | Lost mutation: You are robust. (+10% HP) [potion of
                  | mutation]
  3416 | D:5      | Lost mutation: You expend magic power (3 MP) to strengthen
                  | your wands. [potion of mutation]
  3416 | D:5      | Gained mutation: You are frail. (-10% HP) [potion of
                  | mutation]
  3416 | D:5      | Gained mutation: You have sharp toenails. [potion of
                  | mutation]
  3541 | D:4      | Found a large runed translucent door.
  3564 | D:4      | Noticed Pikel
  3573 | D:4      | Killed Pikel
  3574 | D:4      | Reached skill level 4 in Axes
  3592 | D:4      | Found a large runed translucent door.
  3605 | D:4      | Found a snail-covered altar of Cheibriados.
  3625 | D:4      | Found a stormy altar of Qazlal.
  3743 | D:4      | Reached skill level 1 in Throwing
  4039 | D:4      | XOM: silly message
  4130 | D:2      | Noticed Jessica
  4139 | D:2      | Killed Jessica
  4167 | D:2      | Noticed Robin
  4184 | D:2      | Killed Robin
  4456 | D:2      | XOM: noise
  4599 | D:1      | XOM: noise
  4889 | D:1      | Reached XP level 9. HP: 64/64 MP: 13/13
  4903 | D:1      | Found a faded altar of an unknown god.
  5287 | D:6      | XOM: scenery: 1 doors close
  5314 | D:7      | Reached skill level 5 in Axes
  5506 | D:7      | XOM: silly message
  5670 | D:7      | XOM: divination: magic mapping
  5699 | D:7      | Found a shadowy altar of Dithmenos.
  5706 | D:7      | Found a sparkling altar of Nemelex Xobeh.
  5733 | D:7      | Reached skill level 5 in Fighting
  5759 | D:7      | Found a runed translucent gate.
  5759 | D:7      | Found a runed translucent gate.
  5759 | D:7      | Noticed kaesle's ghost (novice HOFi)
  5762 | D:7      | Found a runed translucent gate.
  5916 | D:7      | XOM: silly message
  6133 | D:7      | XOM: potion effect (heal wounds)
  6136 | D:7      | XOM: cast spell 'Call Canine Familiar'
  6153 | D:7      | XOM: cast spell 'Call Canine Familiar'
  6169 | D:7      | Killed kaesle's ghost
  6170 | D:7      | Reached skill level 6 in Axes
  6170 | D:7      | Reached skill level 1 in Shields
  6172 | D:7      | XOM: confuse monster(s)
  6185 | D:7      | Reached skill level 7 in Axes
  6482 | D:8      | XOM: 3-stop teleportation journey
  6531 | D:8      | Found Nacuz's General Store.
  6532 | D:8      | Found Xotex's General Store.
  6533 | D:8      | Found Riag's Weapon Shoppe.
  6539 | D:8      | Bought a scroll of brand weapon for 133 gold pieces
  6604 | D:8      | XOM: 4-stop teleportation journey
  6609 | D:8      | XOM: divination: detect items
  6610 | D:8      | XOM: noise
  6619 | D:8      | Reached XP level 10. HP: 46/74 MP: 15/15
  6643 | D:8      | XOM: cast spell 'Summon Ice Beast'
  6756 | D:8      | Found Gimmej's Tiny Tomes.
  7106 | D:8      | XOM: cloud trail
  7367 | D:8      | Found a white marble altar of Elyvilon.
  7466 | D:8      | Found a hide-covered altar of Uskayaw.
  7652 | D:9      | Found Befabb's Assorted Antiques.
  7725 | D:9      | Found Benosoar's Magic Scroll Shoppe.
  7760 | D:9      | Bought a scroll of identify for 24 gold pieces
  7760 | D:9      | Bought a scroll of identify for 24 gold pieces
  7801 | D:9      | Found a sacrificial altar of Ru.
  7803 | D:9      | Noticed Erica
  7810 | D:9      | XOM: noise
  7846 | D:9      | XOM: silly message
  7850 | D:9      | XOM: silly message
  7860 | D:9      | Slain by Erica

Illustrated notes

Levels and vault maps discovered:
D:1:      lemuel_arrival_rhombus, layout_loops_cross,
          dreamdust_ecumenical_altar_angels_and_demons, columned_hall_lemuel
D:2:      layout_rooms, basic_altar, mrwooster_statue_mirror,
          serial_park_tiny_2, uniq_robin, uniq_sigmund, uniq_jessica
D:3:      layout_basic
D:4:      layout_rooms, jmf_multi_god_temple2, nicolae_half_adder, uniq_pikel
D:5:      layout_rooms, serial_shops, shop, nicolae_shop_tiny_waterfront, shop,
          shop, nicolae_shop_statue_plus, kennysheep_big_empty_room
D:6:      layout_basic, grunt_temple_overflow_holy_war,
          minmay_temple_entry_mist, serial_shops,
          nicolae_shop_competitors_out_of_business, nicolae_take_the_stairs
D:7:      layout_loops_ring, mainiacjoe_overflow_catwalk_spiral,
          gammafunk_ghost_nasty_kobolds, hangedman_decor_push
D:8:      layout_loops_corners, marbit_many_paths, nicolae_uskayaw_dance_studio,
          nicolae_shop_i_like_small_books_too,
          nicolae_shop_distant_corner_stores, minmay_misc_feat_secret_circle
D:9:      layout_roguey, lemuel_crystal_altar, serial_shops,
          nicolae_shop_dealshenge, nicolae_shop_window_shopping, shop,
          shop_statue, uniq_erica
Temple:   nicolae_temple_bog_church

Skill      XL: |  1  2  3  4  5  6  7  8  9 10 |
---------------+-------------------------------+-----
Stealth        | 1 2 3 4 |  4.6
Ranged Weapons | 4 5 6 |  6.9
Dodging        | 2 3 4 |  4.2
Short Blades   | 1 2 3 |  3.1
Spellcasting   | 1 2 3 |  3.7
Fighting       | 3 4 5 |  5.9
Axes           | 1 2 3 4 7 |  7.9
Evocations     | 1 2 3 4 |  4.0
Throwing       | 1 2 |  2.3
Shields        | 1 |  1.1

Action                     |  1- 3 |  4- 6 |  7- 9 | 10-12 || total
---------------------------+-------+-------+-------+-------++-------
  Melee: Dagger            |    20 |       |       |       ||    20
         Battleaxe         |       |    18 |   137 |    60 ||   215
         Tailslap          |       |     3 |     8 |     6 ||    17
         Kick              |       |       |    15 |    15 ||    30
         Shortbow          |       |       |     1 |       ||     1
   Fire: Shortbow          |    66 |    24 |    82 |       ||   172
  Throw: Javelin           |       |       |     3 |     5 ||     8
Ability: Breathe Noxious F |       |       |    30 |     5 ||    35
  Evoke: Wand              |       |       |     3 |       ||     3
    Use: Scroll            |     3 |     6 |     8 |     5 ||    22
         Potion            |     3 |       |     5 |     1 ||     9
   Stab: Sleeping          |       |       |     3 |     1 ||     4
         Confused          |       |       |     2 |     1 ||     3
 Armour: Skin              |     8 |     8 |    79 |    17 ||   112
  Dodge: Dodged            |    23 |    12 |    82 |    37 ||   154
  Block: Other             |     1 |     5 |    42 |    13 ||    61
         Reflection        |       |       |     7 |       ||     7
